 Dungeon Crawl Stone Soup version 0.26-a0-931-g326f72de0d (webtiles) character file.

Game seed: 16264039028994851563

8245 mg7810 the Slicer (level 11, -10/79 HPs)
             Began as a Red Draconian Monk on Nov 26, 2020.
             Was an Elder of Hepliaklqana.
             Killed by divine providence
             ... invoked by an orc priest
              (14 damage)
             ... on level 10 of the Dungeon.
             The game lasted 00:37:10 (9399 turns).

mg7810 the Slicer (Red Draconian Monk)              Turns: 9399, Time: 00:37:11

Health: -10/79     AC: 10    Str: 16    XL:     11   Next: 7%
Magic:  14/14      EV: 17    Int: 12    God:    Hepliaklqana [****..]
Gold:   608        SH:  0    Dex: 19    Spells: 7/14 levels left

rFire    + + .     SeeInvis .   I - +2 rapier (venom)
rCold    x . .     Faith    .   (no shield)
rNeg     . . .     Spirit   .   (armour unavailable)
rPois    .         Reflect  .   (helmet restricted)
rElec    .         Harm     .   a - +0 cloak
rCorr    .         Rampage  .   c - +0 pair of gloves
MR       .....                  r - +0 pair of boots
Stlth    +++.......             t - amulet of magic regeneration
HPRegen  0.23/turn              z - +6 ring of dexterity
MPRegen  0.39/turn              j - ring of fire

@: short of breath
A: breathe fire, unfitting armour, reduced essence, fire resistance 1,
cold-blooded, AC +7
a: Breathe Fire, Recall Ancestor, Ancestor Identity, Transference, Idealise,
Renounce Religion


You were on level 10 of the Dungeon.
You worshipped Hepliaklqana.
Hepliaklqana was greatly pleased with you.
You visited 2 branches of the dungeon, and saw 11 of its levels.

You collected 608 gold pieces.

Inventory:

Hand Weapons
 x - a +2 flail of distortion
 I - a +2 rapier of venom (weapon)
Missiles
 q - 46 poisoned darts (quivered)
 u - 5 boomerangs
 B - 4 datura-tipped darts
Armour
 a - a +0 cloak (worn)
 c - a +0 pair of gloves (worn)
 r - a +0 pair of boots (worn)
Jewellery
 g - an uncursed ring of flight
 j - a ring of fire (right hand)
 t - an amulet of magic regeneration (around neck)
 w - an uncursed ring of stealth
 y - an uncursed ring of poison resistance
 z - a +6 ring of dexterity (left hand)
 E - an uncursed ring of protection from cold
Wands
 G - a wand of iceblast (7)
 H - a wand of disintegration (20)
Scrolls
 k - 3 scrolls of amnesia
 l - 3 scrolls of teleportation
 C - 3 scrolls of remove curse
Potions
 e - a potion of magic
 f - 2 potions of lignification {unknown}
 h - 2 potions of invisibility {unknown}
 i - 3 potions of curing {unknown}
 o - 2 potions of mutation {unknown}
 p - 2 potions of berserk rage {unknown}
 s - 4 potions of brilliance
 A - a potion of cancellation {unknown}
 F - 2 potions of might


   Skills:
 + Level 5.5 Fighting
 + Level 8.2 Short Blades
 + Level 4.9 Throwing
 + Level 6.3 Dodging
 + Level 5.4 Stealth
 - Level 5.4 Shields
 + Level 6.2 Unarmed Combat
 * Level 2.1 Spellcasting
 * Level 2.4 Conjurations
 * Level 3.4 Fire Magic
 + Level 4.8 Invocations
 * Level 2.4 Evocations


You had 7 spell levels left.
You knew the following spells:

 Your Spells              Type           Power        Failure   Level
a - Foxfire               Conj/Fire      ##..         9%          1
b - Conjure Flame         Conj/Fire      ##......     24%         3
c - Inner Flame           Hex/Fire       #.......     36%         3

Your spell library contained the following spells:

 Spells                   Type           Power        Failure   Level
 Sticky Flame             Conj/Fire      ##......     63%         4
 Fireball                 Conj/Fire      ##........   92%         5


Dungeon Overview and Level Annotations

Branches:
Dungeon (10/15)            Temple (1/1) D:4            Lair (0/6) D:9
    Orc (0/2) D:10

Altars:
Ashenzari
Cheibriados
Dithmenos
Elyvilon
Fedhas
Gozag
Hepliaklqana
Kikubaaqudgha
Makhleb
Nemelex Xobeh
Okawaru
Qazlal
Ru
Sif Muna
Trog
Uskayaw
Vehumet
Wu Jian
Xom
Yredelemnul
Zin
The Shining One


Innate Abilities, Weirdness & Mutations

You can breathe blasts of fire.
Your fiery red scales are hard. (AC +7)
You cannot fit into any form of body armour.
Your flesh is heat resistant. (rF+)
You are cold-blooded and may be slowed by cold attacks.
Your life essence is reduced to manifest your ancestor. (-10% HP)


Message History

Your surroundings suddenly seem different.
An orc priest comes into view.
The orc priest shouts!
An orc comes into view.
The orc shouts!
An orc priest comes into view. It is wielding a +0 falchion.
Found a jewelled lead wand and 17 gold pieces.
Evoke which item? (* to show all) (? for menu, Esc to quit)
Aiming: Iceblast
Press: ? - help, Shift-Dir - straight line, f - orc priest
Aim: an orc priest, wielding a +0 falchion (wandering, hasn't noticed you)
The mass of ice explodes!
The iceblast engulfs the orc priest!!
You kill the orc priest!
The iceblast engulfs the orc priest!
The orc priest is severely wounded.
The iceblast engulfs the orc.
The orc is heavily wounded.
The orc priest invokes the aid of Beogh against you.
Beogh smites you!
You die...

#.###...≈P≈≈≈≈.
#.###..PP≈≈PPP...
..##..≈.P≈≈≈≈.≈..
##.#...P≈≈≈≈≈≈....
#...≈≈≈≈≈≈≈$...$.
##...≈≈≈≈≈≈.....#
###≈≈≈P≈≈.≈...#
#≈≈≈≈P≈≈....#
≈≈≈≈≈≈≈@....#
≈≈≈≈P......##
≈#≈≈.o...###
#o)/...##
.......## ......#
######


You could see an orc priest and an orc.

Vanquished Creatures
  A two-headed ogre (D:9)
  A flying skull (D:10)
  A wyvern (D:9)
  2 humans (D:7)
  2 orc warriors
  A yak (D:9)
  A basilisk (D:9)
  3 ice beasts
  An ogre (D:8)
  3 centaurs
  5 bullfrogs
  3 big kobolds
  2 scorpions
  3 killer bees
  2 electric eels (D:10)
  2 howler monkeys
  A bullfrog zombie (D:6)
  A centaur zombie (D:8)
  An orc priest (D:10)
  10 hounds
  A gnoll shaman (D:5)
  4 worker ants
  2 hound skeletons
  A gnoll (D:5)
  7 adders
  A white imp (D:5)
  2 ufetubi
  An adder skeleton (D:9)
  2 worms (D:2)
  2 dart slugs
  10 leopard geckos
  12 orcs
  2 ball pythons
  2 giant cockroaches
  5 goblins
  4 hobgoblins
  10 jackals
  3 quokkas
  12 bats
  10 frilled lizards
  18 kobolds
  A leopard gecko skeleton (D:4)
  A quokka skeleton (D:4)
  5 rats
164 creatures vanquished.

Vanquished Creatures (collateral kills)
  An elephant (D:9)
  Prince Ribbit (D:6)
  4 centaurs
  2 yaks (D:9)
  Eustachio (D:6)
  A basilisk (D:9)
  2 ice beasts (D:5)
  An orc warrior (D:9)
  A sky beast (D:5)
  3 phantoms
  6 ogres
  3 big kobolds
  3 bullfrogs
  5 killer bees
  9 wights
  2 howler monkeys
  4 hounds
  3 jellies
  An orc priest (D:6)
  2 bullfrog zombies
  4 orc wizards
  2 bullfrog skeletons
  2 centaur skeletons
  An iguana (D:6)
  Natasha (D:4)
  3 worker ants
  A hound zombie (D:5)
  2 hound skeletons (D:4)
  A battlemage (D:6)
  8 gnolls (D:5)
  3 adders
  2 shadow imps (D:5)
  2 ufetubi (D:5)
  A worm (D:6)
  A dart slug (D:4)
  4 leopard geckos
  12 orcs
  3 giant cockroaches (D:5)
  3 jackals (D:7)
  11 kobolds
  A giant cockroach zombie (D:5)
  A jackal zombie (D:6)
  A leopard gecko zombie (D:7)
125 creatures vanquished.

Vanquished Creatures (others)
  An orc priest (D:3)
  2 battlemagi
  20 foxfires (D:9)
  6 plants
29 creatures vanquished.

Grand Total: 318 creatures vanquished

Notes
Turn   | Place    | Note
-------+----------+-------------------------------------------
     0 | D:1      | mg7810 the Draconian Monk began the quest for the Orb.
     0 | D:1      | Reached XP level 1. HP: 19/19 MP: 1/1
   214 | D:1      | Reached XP level 2. HP: 27/27 MP: 2/2
   534 | D:1      | Reached XP level 3. HP: 33/33 MP: 3/3
  1735 | D:3      | Reached XP level 4. HP: 34/40 MP: 4/4
  1881 | D:3      | Reached skill level 1 in Shields
  2074 | D:3      | Noticed an orc warrior
  2090 | D:3      | Reached XP level 5. HP: 43/46 MP: 5/5
  2152 | D:3      | Killed an orc warrior
  2153 | D:3      | Reached skill level 2 in Short Blades
  2153 | D:3      | Reached skill level 1 in Throwing
  2153 | D:3      | Reached XP level 6. HP: 52/52 MP: 6/6
  2267 | D:3      | Found a shimmering blue altar of Sif Muna.
  2268 | D:3      | Found a shadowy altar of Dithmenos.
  2988 | D:4      | Found a staircase to the Ecumenical Temple.
  3004 | Temple   | Entered the Ecumenical Temple
  3087 | Temple   | Became a worshipper of Hepliaklqana the Forgotten
  3087 | Temple   | Reached * piety under Hepliaklqana
  3087 | Temple   | Reached ** piety under Hepliaklqana
  3088 | Temple   | Remembered your ancestor Thabo as a battlemage
  3208 | D:4      | Reached skill level 3 in Short Blades
  3511 | D:4      | Noticed Natasha
  3516 | D:4      | Killed Natasha
  3723 | D:5      | Entered Level 5 of the Dungeon
  3727 | D:5      | Found a transporter.
  3729 | D:5      | Found a transporter.
  3752 | D:5      | Your scales start taking on a fiery red colour.
  3752 | D:5      | Reached XP level 7. HP: 51/53 MP: 7/7
  3752 | D:5      | Gained mutation: Your flesh is heat resistant. (rF+) [Red
                  | Draconian growth]
  3777 | D:5      | Found a snail-covered altar of Cheibriados.
  3898 | D:5      | Reached skill level 4 in Short Blades
  3914 | D:5      | Found a glowing golden altar of the Shining One.
  4035 | D:5      | Reached skill level 5 in Short Blades
  4035 | D:5      | Reached skill level 1 in Invocations
  4035 | D:5      | Reached XP level 8. HP: 59/59 MP: 8/8
  4056 | D:5      | Reached *** piety under Hepliaklqana
  4120 | D:5      | Found an ancient bone altar of Kikubaaqudgha.
  4658 | D:6      | Noticed Eustachio
  4663 | D:6      | Reached skill level 6 in Short Blades
  4667 | D:6      | Killed Eustachio
  4668 | D:6      | Reached skill level 5 in Unarmed Combat
  4718 | D:6      | Reached XP level 9. HP: 25/64 MP: 11/11
  4771 | D:6      | Reached skill level 5 in Dodging
  5105 | D:6      | Found a blossoming altar of Fedhas.
  5112 | D:6      | Noticed Prince Ribbit
  5124 | D:6      | Killed Prince Ribbit
  5608 | D:7      | Found a stormy altar of Qazlal.
  5769 | D:7      | Reached **** piety under Hepliaklqana
  5777 | D:7      | Found an iron altar of Okawaru.
  5794 | D:7      | Reached skill level 7 in Short Blades
  5813 | D:7      | Found a broken altar of Ashenzari.
  6013 | D:7      | Reached skill level 5 in Fighting
  6131 | D:7      | Reached skill level 5 in Shields
  6229 | D:7      | Reached XP level 10. HP: 72/72 MP: 13/13
  7022 | D:8      | Found a bloodstained altar of Trog.
  7258 | D:8      | Found a bloodstained altar of Trog.
  7599 | D:9      | Learned a level 1 spell: Foxfire
  7659 | D:9      | Noticed an elephant
  7901 | D:9      | Killed an elephant
  7902 | D:9      | Reached skill level 5 in Stealth
  7902 | D:9      | Reached skill level 1 in Fire Magic
  8041 | D:9      | Reached skill level 1 in Conjurations
  8041 | D:9      | Reached skill level 1 in Evocations
  8047 | D:9      | Reached skill level 1 in Spellcasting
  8083 | D:9      | Found a staircase to the Lair.
  8122 | D:9      | Found a broken altar of Ashenzari.
  8179 | D:9      | Reached ***** piety under Hepliaklqana
  8242 | D:9      | Found a basalt altar of Yredelemnul.
  8254 | D:9      | Noticed a two-headed ogre
  8263 | D:9      | Killed a two-headed ogre
  8346 | D:9      | Reached skill level 8 in Short Blades
  8734 | D:9      | Found a hide-covered altar of Uskayaw.
  8935 | Temple   | Learned a level 3 spell: Conjure Flame
  8939 | Temple   | Learned a level 3 spell: Inner Flame
  9096 | D:10     | Entered Level 10 of the Dungeon
  9119 | D:10     | Reached XP level 11. HP: 67/79 MP: 11/14
  9246 | D:10     | Found a staircase to the Orcish Mines.
  9396 | D:10     | Noticed a skeletal warrior
  9397 | D:10     | HP: 3/79 [flying skull (4)]
  9399 | D:10     | Killed from afar by an orc priest

Illustrated notes

Levels and vault maps discovered:
D:1:      dpeg_arrival_round_c, layout_basic, minmay_lizard_pond
D:2:      layout_basic, minivault_19, minmay_misc_feat_iff, st_stairs_11,
          minmay_circle_x
D:3:      layout_basic, gammafunk_temple_overflow_statue, feat_on_display
D:4:      layout_gridville, temple_green, grunt_ministairs_7, uniq_natasha
D:5:      cheibrodos_barr_body, layout_cave_pools, general_overflow_altar,
          kennysheep_little_box, gammafunk_temple_overflow_arena,
          serial_column_ruins, column_ruins_hut_ruined,
          column_ruins_open_medium, column_ruins_open_medium,
          column_ruins_open_small, column_ruins_grid_3, column_ruins_open_tiny,
          column_ruins_columns_corner, column_ruins_open_large
D:6:      minmay_chambers_of_threes, layout_cave_pools, kennysheep_mini,
          uniq_prince_ribbit1, uniq_eustachio
D:7:      layout_gridville, okawaru_humans, cheibrodos_ashenzari_chains,
          grunt_qazlal_clouds
D:8:      layout_basic, bloody_trog, trog_three_pillars_becter
D:9:      layout_roguey, lemuel_doored_altar, marbit_many_paths,
          david_lair_generic, basic_altar
D:10:     hangedman_screamer, layout_loops_ring, enter_bailey_5, basic_altar,
          chequers_big_river, uniq_psyche, uniq_nergalle, uniq_fannar
Temple:   eino_wide_crystal_templ

Skill      XL: |  1  2  3  4  5  6  7  8  9 10 |
---------------+-------------------------------+-----
Dodging        | 3 4 5 6 |  6.3
Stealth        | 2 3 4 5 |  5.4
Shields        | 1 2 3 5 |  5.4
Unarmed Combat | 4 5 6 |  6.2
Fighting       | 4 5 |  5.5
Short Blades   | 2 3 5 6 7 8 |  8.2
Throwing       | 1 2 3 4 |  4.9
Invocations    | 1 2 4 |  4.8
Fire Magic     | 3 |  3.4
Conjurations   | 2 |  2.4
Evocations     | 2 |  2.4
Spellcasting   | 2 |  2.1

Action                   |  1- 3 |  4- 6 |  7- 9 | 10-12 || total
-------------------------+-------+-------+-------+-------++-------
Melee: Unarmed           |   166 |       |       |       ||   166
       Tailslap          |    25 |    17 |    30 |    27 ||    99
       Punch             |     2 |       |       |     6 ||     8
       Dagger            |     8 |   134 |   201 |    39 ||   382
       Rapier            |       |       |       |   108 ||   108
Throw: Dart              |       |     8 |    10 |    12 ||    30
 Cast: Foxfire           |       |       |       |    12 ||    12
Invok: Ancestor Life: Ba |       |     1 |       |       ||     1
       Idealise          |       |       |       |     1 ||     1
 Abil: Breathe Fire      |       |       |     5 |     7 ||    12
Evoke: Wand              |       |       |       |     4 ||     4
  Use: Scroll            |     5 |     3 |     2 |     7 ||    17
       Potion            |     1 |       |     3 |     2 ||     6
 Stab: Sleeping          |     3 |     2 |     8 |     3 ||    16
       Distracted        |       |       |     1 |     2 ||     3
Armor: Skin              |    59 |    31 |    56 |    31 ||   177
Dodge: Dodged            |   116 |   110 |   139 |   145 ||   510
Block: Buckler           |     9 |    29 |    70 |    11 ||   119

Table legend: (Time is in decaauts)
 A = Elapsed time spent in this place.
 B = Non-inter-level travel time spent in this place.
 C = Inter-level travel time spent in this place.
 D = Time resting spent in this place.
 E = Time spent auto-exploring this place.
 F = Levels seen in this place.
 G = Mean time per level.
                   A        B        C        D        E       F      G
               +--------+--------+--------+--------+--------+-----+--------+
         Total |   9242 |   8688 |    554 |      0 |   6207 |  11 |  840.2 |
       Dungeon |   9119 |   8566 |    553 |      0 |   6149 |  10 |  911.9 |
        Temple |    122 |    121 |      1 |      0 |     58 |   1 |  122.0 |
               +--------+--------+--------+--------+--------+-----+--------+

Top non-repeatable levels by time:
     D:7: 1197 daAuts
     D:3: 1070 daAuts
     D:8: 1047 daAuts
     D:9: 1028 daAuts
     D:6: 972 daAuts
     D:5: 928 daAuts
     D:4: 913 daAuts
     D:1: 875 daAuts
     D:2: 787 daAuts
    D:10: 298 daAuts
  Temple: 122 daAuts
